| TOP OF THE 1ST |
|
Detroit (APP) Tigers batting - Pitching for Burlington Royals : RHP Chris Elliott
|
|
Pitching: RHP Chris Elliott
|
|
|
Batting: RHB Kevin Steed
|
0-0: Ball 1-0: Foul Ball, location: 2F 1-1: Ball 2-1: Foul Ball, location: 2F 2-2: Fly out, F8 (Flyball, 8LM, EV 89.4 MPH)
|
|
Batting: RHB Alex Duarte
|
0-0: Ball 1-0: Called Strike 1-1: Called Strike 1-2: Hit by Pitch
|
|
Batting: RHB Nate Dabney
|
0-0: Called Strike 0-1: Ball 1-1: DOUBLE (Flyball, 8RXD, EV 103.8 MPH) Alex Duarte to third Runner from 3rd tries for Home, throw by CF and OUT! 8-4-2
|
|
Batting: LHB Glen Boyle
|
0-0: Ball 1-0: Swinging Strike 1-1: Foul Ball, location: 2F 1-2: Ball 2-2: Foul Ball, location: 2F 2-2: Foul Ball, location: 2F 2-2: Ball 3-2: Base on Balls
|
|
Batting: RHB Jeremiah Washington
|
0-0: Foul Ball, location: 2F 0-1: SINGLE (Groundball, 56S, EV 69.4 MPH) (infield hit) Nate Dabney to third Glen Boyle to second
|
|
Batting: RHB Jamie Villagrana
|
0-0: Called Strike 0-1: Ball 1-1: Ball 2-1: Fielders Choice at 2nd, 6-4 (Groundball, 6, EV 78.1 MPH)
|
| Top of the 1st over - 0 runs, 2 hits, 0 errors, 3 left on base; Detroit (APP) 0 - Burlington 0 |
| BOTTOM OF THE 1ST |
|
Burlington Royals batting - Pitching for Detroit (APP) Tigers : RHP Edwin Marquez
|
|
Pitching: RHP Edwin Marquez
|
|
|
Batting: RHB Kyle Finney
|
0-0: Ball 1-0: Ground out 6-3 (Groundball, 6, EV 91.2 MPH)
|
|
Batting: RHB John Normand
|
0-0: Fly out, F9 (Line Drive, 9S, EV 90.6 MPH)
|
|
Batting: RHB Luis Mendoza
|
0-0: Ball 1-0: Called Strike 1-1: Foul Ball, location: 2F 1-2: Strikes out looking
|
| Bottom of the 1st over - 0 runs, 0 hits, 0 errors, 0 left on base; Detroit (APP) 0 - Burlington 0 |
| TOP OF THE 2ND |
|
Detroit (APP) Tigers batting - Pitching for Burlington Royals : RHP Chris Elliott
|
|
Batting: RHB Jorge Lebron
|
0-0: Ball 1-0: Ball 2-0: Swinging Strike 2-1: Swinging Strike 2-2: Ground out 4-3 (Groundball, 4MS, EV 81.9 MPH)
|
|
Batting: RHB Khalil Coleman
|
0-0: Called Strike 0-1: Ball 1-1: Ball 2-1: Ball 3-1: Foul Ball, location: 2F 3-2: Base on Balls
|
|
Batting: RHB Peter Jones
|
0-0: 2-RUN HOME RUN (Flyball, 7D, EV 104.4 MPH), Distance : 407 ft
|
|
Batting: RHB Kevin Steed
|
0-0: Ball 1-0: Ball 2-0: Ball 3-0: Called Strike 3-1: Ground out 3-1 (Groundball, 13, EV 93.1 MPH)
|
|
Batting: RHB Alex Duarte
|
0-0: Ball 1-0: Ball 2-0: Swinging Strike 2-1: Ball 3-1: Base on Balls
|
|
Batting: RHB Nate Dabney
|
0-0: Called Strike 0-1: Called Strike 0-2: Foul Ball, location: 2F 0-2: Strikes out looking
|
| Top of the 2nd over - 2 runs, 1 hit, 0 errors, 1 left on base; Detroit (APP) 2 - Burlington 0 |
| BOTTOM OF THE 2ND |
|
Burlington Royals batting - Pitching for Detroit (APP) Tigers : RHP Edwin Marquez
|
|
Batting: RHB Esteban Acuna
|
0-0: Called Strike 0-1: Ball 1-1: Ball 2-1: Ball 3-1: Base on Balls
|
|
Batting: RHB Leo Lopez
|
0-0: Ball Esteban Acuna is caught stealing 2nd base 2-4 1-0: Ball 2-0: Foul Ball, location: 2F 2-1: Hit by Pitch
|
|
Batting: RHB Matt Weddle
|
0-0: Called Strike 0-1: Fly out, F7 (Flyball, 78M, EV 87.5 MPH)
|
|
Batting: RHB Nick Spriggs
|
0-0: Foul Ball, location: 2F 0-1: Ball 1-1: Swinging Strike 1-2: Strikes out swinging
|
| Bottom of the 2nd over - 0 runs, 0 hits, 0 errors, 1 left on base; Detroit (APP) 2 - Burlington 0 |
| TOP OF THE 3RD |
|
Detroit (APP) Tigers batting - Pitching for Burlington Royals : RHP Chris Elliott
|
|
Batting: LHB Glen Boyle
|
0-0: Called Strike 0-1: Ball 1-1: Swinging Strike 1-2: SINGLE (Groundball, 5D, EV 102.5 MPH)
|
|
Batting: RHB Jeremiah Washington
|
0-0: Foul Ball, location: 2F 0-1: SINGLE (Groundball, 56, EV 97.5 MPH) Glen Boyle to second
|
|
Batting: RHB Jamie Villagrana
|
0-0: Fly out, F7 (Flyball, 7D, EV 92.5 MPH) Runner from 2nd tags up, SAFE at 3rd, no throw by LF
|
|
Batting: RHB Jorge Lebron
|
0-0: Ball 1-0: SINGLE (Line Drive, 78S, EV 105.0 MPH) Glen Boyle scores Jeremiah Washington to second
|
|
Batting: RHB Khalil Coleman
|
0-0: Ball 1-0: Foul Ball, location: 2F 1-1: Ball 2-1: Swinging Strike 2-2: Foul Ball, location: 2F 2-2: SINGLE (Groundball, 56D, EV 96.9 MPH) Jeremiah Washington to third Jorge Lebron to second
|
|
Batting: RHB Peter Jones
|
0-0: DOUBLE (Line Drive, 9LM, EV 106.2 MPH) Jeremiah Washington scores Jorge Lebron scores Khalil Coleman to third
|
|
Pitching: RHP Jay Foster
|
|
|
Batting: RHB Kevin Steed
|
0-0: Ball 1-0: Swinging Strike 1-1: Called Strike 1-2: Ground out 1-3 (Groundball, 15S, EV 65.0 MPH)
|
|
Batting: RHB Alex Duarte
|
0-0: Foul Ball, location: 2F 0-1: Foul Ball, location: 2F 0-2: Foul Ball, location: 2F 0-2: Ball 1-2: Strikes out swinging
|
| Top of the 3rd over - 3 runs, 5 hits, 0 errors, 2 left on base; Detroit (APP) 5 - Burlington 0 |
| BOTTOM OF THE 3RD |
|
Burlington Royals batting - Pitching for Detroit (APP) Tigers : RHP Edwin Marquez
|
|
Batting: RHB Danny Jefferies
|
0-0: Called Strike 0-1: Foul Ball, location: 2F 0-2: Ball 1-2: Strikes out swinging
|
|
Batting: RHB Jimmy Black
|
0-0: Ball 1-0: Swinging Strike 1-1: Called Strike 1-2: Ball 2-2: Strikes out swinging
|
|
Batting: RHB Kyle Finney
|
0-0: Ball 1-0: Called Strike 1-1: Ground out 6-3 (Groundball, 6, EV 99.4 MPH)
|
| Bottom of the 3rd over - 0 runs, 0 hits, 0 errors, 0 left on base; Detroit (APP) 5 - Burlington 0 |
| TOP OF THE 4TH |
|
Detroit (APP) Tigers batting - Pitching for Burlington Royals : RHP Jay Foster
|
|
Batting: RHB Nate Dabney
|
0-0: SINGLE (Groundball, 56D, EV 103.8 MPH)
|
|
Batting: LHB Glen Boyle
|
0-0: Foul Ball, location: 2F 0-1: Ball Wild Pitch! Nate Dabney to second 1-1: Foul Ball, location: 2F 1-2: Foul Ball, location: 2F 1-2: Foul Ball, location: 2F 1-2: Ball 2-2: Strikes out swinging
|
|
Batting: RHB Jeremiah Washington
|
0-0: Ball 1-0: Ground out 5-3 (Groundball, 56, EV 83.8 MPH)
|
|
Batting: RHB Jamie Villagrana
|
0-0: Ball 1-0: Swinging Strike 1-1: Foul Ball, location: 2F 1-2: Ball 2-2: Ball 3-2: Fly out, F8 (Line Drive, 78M, EV 91.2 MPH)
|
| Top of the 4th over - 0 runs, 1 hit, 0 errors, 1 left on base; Detroit (APP) 5 - Burlington 0 |
| BOTTOM OF THE 4TH |
|
Burlington Royals batting - Pitching for Detroit (APP) Tigers : RHP Edwin Marquez
|
|
Batting: RHB John Normand
|
0-0: Called Strike 0-1: Called Strike 0-2: Foul Ball, location: 2F 0-2: Ball 1-2: Strikes out swinging
|
|
Batting: RHB Luis Mendoza
|
0-0: Ball 1-0: Called Strike 1-1: Hit by Pitch
|
|
Batting: RHB Esteban Acuna
|
0-0: Ball 1-0: Fly out, F8 (Flyball, 8RD, EV 100.6 MPH)
|
|
Batting: RHB Leo Lopez
|
0-0: Ball 1-0: Ball 2-0: Called Strike 2-1: Ball 3-1: Base on Balls Luis Mendoza to second
|
|
Batting: RHB Matt Weddle
|
0-0: Foul Ball, location: 2F 0-1: Foul Ball, location: 2F 0-2: Ball 1-2: Foul Ball, location: 2F 1-2: Ball 2-2: Ground out 4-3 (Groundball, 34, EV 91.9 MPH)
|
| Bottom of the 4th over - 0 runs, 0 hits, 0 errors, 2 left on base; Detroit (APP) 5 - Burlington 0 |
| TOP OF THE 5TH |
|
Detroit (APP) Tigers batting - Pitching for Burlington Royals : RHP Jay Foster
|
|
Batting: RHB Jorge Lebron
|
0-0: Called Strike 0-1: Ball 1-1: Foul Ball, location: 2F 1-2: Strikes out swinging
|
|
Batting: RHB Khalil Coleman
|
0-0: Called Strike 0-1: Fly out, F7 (Line Drive, 7S, EV 103.8 MPH)
|
|
Batting: RHB Peter Jones
|
0-0: Ball 1-0: Ball 2-0: Foul Ball, location: 2F 2-1: Swinging Strike 2-2: Foul Ball, location: 2F 2-2: Foul Ball, location: 2F 2-2: Foul Ball, location: 2F 2-2: SOLO HOME RUN (Flyball, 7D, EV 101.9 MPH), Distance : 406 ft
|
|
Batting: RHB Kevin Steed
|
0-0: Ball 1-0: Ball 2-0: Foul Ball, location: 2F 2-1: Reached on error, E6 (Groundball, 6, EV 103.1 MPH)
|
|
Batting: RHB Alex Duarte
|
0-0: Fly out, F8 (Line Drive, 8RD, EV 90.0 MPH)
|
| Top of the 5th over - 1 run, 1 hit, 1 error, 1 left on base; Detroit (APP) 6 - Burlington 0 |
| BOTTOM OF THE 5TH |
|
Burlington Royals batting - Pitching for Detroit (APP) Tigers : RHP Edwin Marquez
|
|
Batting: RHB Nick Spriggs
|
0-0: Ground out 6-3 (Groundball, 56, EV 96.9 MPH)
|
|
Batting: RHB Danny Jefferies
|
0-0: Called Strike 0-1: Swinging Strike 0-2: Foul Ball, location: 2F 0-2: SINGLE (Groundball, 4MD, EV 101.9 MPH)
|
|
Batting: RHB Jimmy Black
|
0-0: Ball 1-0: Ball 2-0: TRIPLE (Line Drive, 7D, EV 103.8 MPH) Danny Jefferies scores
|
|
Batting: RHB Kyle Finney
|
0-0: Called Strike 0-1: Called Strike 0-2: Ball 1-2: Foul Ball, location: 2F 1-2: Ball 2-2: Fly out, F7 (Line Drive, 7S, EV 97.5 MPH)
|
|
Batting: RHB John Normand
|
0-0: Called Strike 0-1: Swinging Strike 0-2: Strikes out swinging
|
| Bottom of the 5th over - 1 run, 2 hits, 0 errors, 1 left on base; Detroit (APP) 6 - Burlington 1 |
| TOP OF THE 6TH |
|
Detroit (APP) Tigers batting - Pitching for Burlington Royals : RHP Jay Foster
|
|
Batting: RHB Nate Dabney
|
0-0: Ball 1-0: Swinging Strike 1-1: Ground out 5-3 (Groundball, 56, EV 80.6 MPH)
|
|
Batting: LHB Glen Boyle
|
0-0: Ball 1-0: Ball 2-0: Ball 3-0: Called Strike 3-1: Called Strike 3-2: Foul Ball, location: 2F 3-2: Foul Ball, location: 2F 3-2: Foul Ball, location: 2F 3-2: Foul Ball, location: 2F 3-2: Base on Balls
|
|
Pitching: RHP Ryan Robbins
|
|
|
Batting: RHB Jeremiah Washington
|
0-0: Called Strike 0-1: Ball 1-1: Ball 2-1: SINGLE (Groundball, 56, EV 110.0 MPH) (infield hit) Glen Boyle to second
|
|
Batting: RHB Jamie Villagrana
|
0-0: Called Strike 0-1: Foul Ball, location: 2F 0-2: Foul Ball, location: 2F 0-2: Fielders Choice at 2nd, 5-4 (Groundball, 56S, EV 86.9 MPH) Glen Boyle to third
|
|
Batting: RHB Jorge Lebron
|
0-0: Swinging Strike 0-1: Called Strike 0-2: Foul Ball, location: 2F 0-2: Fielders Choice at 2nd, 6-4 (Groundball, 6, EV 105.6 MPH)
|
| Top of the 6th over - 0 runs, 1 hit, 0 errors, 2 left on base; Detroit (APP) 6 - Burlington 1 |
| BOTTOM OF THE 6TH |
|
Burlington Royals batting - Pitching for Detroit (APP) Tigers : RHP Edwin Marquez
|
|
Batting: RHB Luis Mendoza
|
0-0: Called Strike 0-1: Ball 1-1: Ball 2-1: Swinging Strike 2-2: Strikes out swinging
|
|
Batting: RHB Esteban Acuna
|
0-0: Called Strike 0-1: Foul Ball, location: 2F 0-2: Ball 1-2: Strikes out swinging
|
|
Batting: RHB Leo Lopez
|
0-0: Hit by Pitch
|
|
Pitching: RHP Nick Brooks
|
|
|
Batting: RHB Matt Weddle
|
0-0: Ball 1-0: Ball 2-0: Ball 3-0: Called Strike 3-1: Fly out, F9 (Flyball, 89M, EV 84.4 MPH)
|
| Bottom of the 6th over - 0 runs, 0 hits, 0 errors, 1 left on base; Detroit (APP) 6 - Burlington 1 |
| TOP OF THE 7TH |
|
Detroit (APP) Tigers batting - Pitching for Burlington Royals : RHP Ryan Robbins
|
|
Batting: RHB Khalil Coleman
|
0-0: Foul Ball, location: 2F 0-1: Ground out 1-3 (Groundball, 13, EV 61.9 MPH)
|
|
Batting: RHB Peter Jones
|
0-0: Called Strike 0-1: Swinging Strike 0-2: Ball 1-2: Foul Ball, location: 2F 1-2: Ball 2-2: Foul Ball, location: 2F 2-2: Foul Ball, location: 2F 2-2: Foul Ball, location: 2F 2-2: Ball 3-2: Base on Balls
|
|
Batting: RHB Kevin Steed
|
0-0: Foul Ball, location: 2F 0-1: Grounds into double play, 4-6-3 (Groundball, 4, EV 80.0 MPH)
|
| Top of the 7th over - 0 runs, 0 hits, 0 errors, 0 left on base; Detroit (APP) 6 - Burlington 1 |
| BOTTOM OF THE 7TH |
|
Burlington Royals batting - Pitching for Detroit (APP) Tigers : RHP Nick Brooks
|
|
Batting: RHB Nick Spriggs
|
0-0: Ball 1-0: Ball 2-0: Ball 3-0: Called Strike 3-1: Fly out, F9 (Line Drive, 9, EV 103.8 MPH)
|
|
Pinch Hitting: SHB Gary Woodroffe
|
0-0: Ball 1-0: Ball 2-0: SINGLE (Line Drive, 78S, EV 96.2 MPH)
|
|
Batting: RHB Jimmy Black
|
0-0: Called Strike 0-1: Fielders Choice at 2nd, 6-4 (Groundball, 6, EV 98.1 MPH)
|
|
Batting: RHB Kyle Finney
|
0-0: Ball 1-0: Swinging Strike 1-1: Ball 2-1: Foul Ball, location: 2F 2-2: SINGLE (Line Drive, 78S, EV 99.4 MPH) Jimmy Black to second
|
|
Batting: RHB John Normand
|
0-0: Called Strike 0-1: Ball 1-1: Ball 2-1: Ball 3-1: Foul Ball, location: 2F 3-2: Strikes out looking
|
| Bottom of the 7th over - 0 runs, 2 hits, 0 errors, 2 left on base; Detroit (APP) 6 - Burlington 1 |
| TOP OF THE 8TH |
|
Detroit (APP) Tigers batting - Pitching for Burlington Royals : RHP Ryan Robbins
|
|
Now in RF: Javy Rueda
|
|
|
Batting: RHB Alex Duarte
|
0-0: Ball 1-0: Called Strike 1-1: Ball 2-1: Foul Ball, location: 2F 2-2: Ball 3-2: Foul Ball, location: 2F 3-2: Foul Ball, location: 2F 3-2: Base on Balls
|
|
Pitching: RHP David Bialas
|
|
|
Batting: RHB Nate Dabney
|
0-0: Swinging Strike 0-1: Swinging Strike 0-2: Ball 1-2: Ball 2-2: Strikes out swinging
|
|
Batting: LHB Glen Boyle
|
0-0: Ball 1-0: Swinging Strike 1-1: Swinging Strike 1-2: Fly out, F9 (Flyball, 9, EV 88.1 MPH)
|
|
Batting: RHB Jeremiah Washington
|
0-0: Ball 1-0: 2-RUN HOME RUN (Flyball, 78XD, EV 110.6 MPH), Distance : 423 ft
|
|
Batting: RHB Jamie Villagrana
|
0-0: Swinging Strike 0-1: Ball 1-1: Called Strike 1-2: Reached on error, E6 (Groundball, 56, EV 86.9 MPH)
|
|
Batting: RHB Jorge Lebron
|
0-0: 2-RUN HOME RUN (Flyball, 78XD, EV 105.6 MPH), Distance : 414 ft
|
|
Batting: RHB Khalil Coleman
|
0-0: Foul Ball, location: 2F 0-1: Ground out 3-1 (Groundball, 13, EV 80.6 MPH)
|
| Top of the 8th over - 4 runs, 2 hits, 1 error, 0 left on base; Detroit (APP) 10 - Burlington 1 |
| BOTTOM OF THE 8TH |
|
Burlington Royals batting - Pitching for Detroit (APP) Tigers : RHP Nick Brooks
|
|
Batting: RHB Luis Mendoza
|
0-0: Reached on error, E1 (Groundball, 15S, EV 68.1 MPH)
|
|
Pitching: RHP Alvaro Patino
|
|
|
Batting: RHB Esteban Acuna
|
0-0: Called Strike 0-1: Ball 1-1: Foul Ball, location: 2F 1-2: Ball 2-2: Ball 3-2: Strikes out swinging
|
|
Pinch Hitting: RHB Josh Massey
|
0-0: Reached on error, E3 (Groundball, 34, EV 100.6 MPH) Luis Mendoza to third
|
|
Pinch Hitting: RHB Chris Stec
|
0-0: Ball Wild Pitch! Luis Mendoza scores Josh Massey to second 1-0: Swinging Strike 1-1: Ball 2-1: Ground out U3 (Groundball, 3, EV 83.8 MPH) Josh Massey to third
|
|
Batting: RHB Nick Spriggs
|
0-0: Ball 1-0: Foul Ball, location: 2F 1-1: Swinging Strike 1-2: Ball 2-2: Ball 3-2: Strikes out looking
|
| Bottom of the 8th over - 1 run, 0 hits, 2 errors, 1 left on base; Detroit (APP) 10 - Burlington 2 |
| TOP OF THE 9TH |
|
Detroit (APP) Tigers batting - Pitching for Burlington Royals : RHP David Bialas
|
|
Pitching: RHP Ramiro Castillo
|
|
|
Now at 1B: Chris Stec
|
|
|
Now in LF: Josh Massey
|
|
|
Batting: RHB Peter Jones
|
0-0: Foul Ball, location: 2F 0-1: Foul Ball, location: 2F 0-2: Ball 1-2: Foul Ball, location: 2F 1-2: Foul Ball, location: 2F 1-2: Ground out 6-3 (Groundball, 6S, EV 63.1 MPH)
|
|
Batting: RHB Kevin Steed
|
0-0: Ball 1-0: Ball 2-0: Called Strike 2-1: Swinging Strike 2-2: Foul Ball, location: 2F 2-2: Fly out, F3 (Popup, 3F, EV 66.2 MPH)
|
|
Batting: RHB Alex Duarte
|
0-0: Called Strike 0-1: Foul Ball, location: 2F 0-2: Strikes out swinging
|
| Top of the 9th over - 0 runs, 0 hits, 0 errors, 0 left on base; Detroit (APP) 10 - Burlington 2 |
| BOTTOM OF THE 9TH |
|
Burlington Royals batting - Pitching for Detroit (APP) Tigers : RHP Alvaro Patino
|
|
Batting: LHB Javy Rueda
|
0-0: Fly out, F9 (Flyball, 9LMF, EV 104.4 MPH)
|
|
Pinch Hitting: RHB Simon Sultzbach
|
0-0: Called Strike 0-1: Swinging Strike 0-2: Hit by Pitch
|
|
Pitching: RHP Edwin Torres
|
|
|
Batting: RHB Kyle Finney
|
0-0: Ball 1-0: Foul Ball, location: 2F 1-1: Called Strike 1-2: Strikes out swinging
|
|
Batting: RHB John Normand
|
0-0: Ball 1-0: Fly out, F7 (Flyball, 7S, EV 81.9 MPH)
|
| Bottom of the 9th over - 0 runs, 0 hits, 0 errors, 1 left on base; Detroit (APP) 10 - Burlington 2 |
|